 Dungeon Crawl Stone Soup version 0.30.0-20-g3615ddf2f0 (webtiles) character file.

Game seed: 11567465854663298195

9208 qw the Cleaver (level 11, -1/71 HPs)
             Began as a Gargoyle Fighter on May 29, 2023.
             Was a Believer of Okawaru.
             Slain by an unseen horror (5 damage)
             ... on level 11 of the Dungeon.
             The game lasted 00:06:34 (10407 turns).

qw the Cleaver (Gargoyle Fighter)                  Turns: 10407, Time: 00:06:35

Health: -1/71      AC: 26    Str: 27    XL:     11   Next: 42%
Magic:  14/14      EV:  8    Int: 12    God:    Okawaru [**....]
Gold:   212        SH:  9    Dex:  9    Spells: 10/10 levels left

rFire   + + .        r - +1 hand axe (vamp)
rCold   x . .        c - +0 buckler
rNeg    + . .        s - +0 plate armour
rPois   inf          a - +2 helmet
rElec   +            i - +0 cloak
rCorr   +            (no gloves)
SInv    .            (no boots)
Will    +....        y - amulet of reflection Stlth
                     m - ring "Riteig" {rF+ rC- rCorr Str+4 Int+2}
HPRegen 0.31/turn    t - ring of protection from fire
MPRegen 0.14/turn

%: reflection
@: no status effects
A: sickness immunity, AC +8, negative energy resistance 1, electricity
resistance, torment resistance 1, petrification resistance, strong-willed 1,
mutation resistance 1
a: Renounce Religion, Heroism


You were on level 11 of the Dungeon.
You worshipped Okawaru.
Okawaru was pleased with you.
You visited 2 branches of the dungeon, and saw 12 of its levels.

You collected 705 gold pieces.
You spent 493 gold pieces at shops.


Innate Abilities, Weirdness & Mutations

You are immune to sickness and miasma.
Your stone body is resilient. (AC +8)
You are immune to poison.
You resist negative energy. (rN+)
You are resistant to electric shocks. (rElec)
You are resistant to unholy torment.
You are immune to petrification.
You are strong-willed. (Will+)
You are somewhat resistant to further mutation.


   Skills:
 - Level 9.0 Fighting
 + Level 11.5 Axes
 - Level 3.3 Throwing
 - Level 8.1 Armour
 - Level 2.2 Dodging
 - Level 5.0 Shields
 - Level 4.1 Invocations


You had 10 spell levels left.
You didn't know any spells.
Your spell library was empty.

Inventory:

Hand Weapons
 r - a +1 vampiric hand axe (weapon)
 w - the +9 flail of Tuzema {flame, rN++ rCorr}
   (You found it on level 10 of the Dungeon)

   rN:        It greatly protects you from negative energy.
   rCorr:     It protects you from acid and corrosion.
 Y - a +2 war axe
Missiles
 j - 3 boomerangs
 u - 3 javelins (quivered)
Armour
 a - a +2 helmet (worn)
 c - a +0 buckler (worn)
 i - a +0 cloak (worn)
 s - a +0 plate armour (worn)
 v - +0 acid dragon scales
Jewellery
 m - the ring "Riteig" (left hand) {rF+ rC- rCorr Str+4 Int+2}
   (You found it on level 3 of the Dungeon)

   [ring of resist corrosion]

   Str:       It affects your strength (+4).
   Int:       It affects your intelligence (+2).
   rF:        It protects you from fire.
   rC:        It makes you vulnerable to cold.
   rCorr:     It protects you from acid and corrosion.
 t - a ring of protection from fire (right hand)
 y - an amulet of reflection (around neck)
Scrolls
 f - 2 scrolls of teleportation
 h - a scroll of identify
Potions
 b - a potion of resistance {unknown}
 d - 4 potions of might
 e - 2 potions of attraction
 g - a potion of cancellation
 k - a potion of lignification
 l - 7 potions of curing
 o - 3 potions of mutation
 p - a potion of heal wounds

Dungeon Overview and Level Annotations

Branches:
Dungeon (11/15)            Temple (1/1) D:5            Lair (0/5) D:11
    Orc (0/2) D:9

Altars:
Ashenzari
Cheibriados
Dithmenos
Elyvilon
Fedhas
Gozag
Hepliaklqana
Kikubaaqudgha
Makhleb
Nemelex Xobeh
Okawaru
Qazlal
Ru
Sif Muna
Trog
Uskayaw
Vehumet
Wu Jian
Xom
Yredelemnul
Zin
The Shining One

Shops:
D:2 !   D:6 *   D:9 *[

Annotations:
D:3 1 runed translucent door, Crazy Yiuf
D:5 2 transporters, qw's ghost, novice GrFi
D:10 1 runed translucent door


Message History

You swing at nothing.
You swing at nothing.
Something hits you but does no damage.
You miss something. Something hits you but does no damage.
You hit something.
You feel better. Something hits you but does no damage.
Something hits the plant!
The plant begins to die.
Something hits you.
You closely miss something. Something hits you but does no damage.
You barely miss something. Something hits you but does no damage.
You closely miss something. Something hits you but does no damage.
You hit something.
You feel better.
Something hits you but does no damage. x2
You hit something but do no damage. Something hits you but does no damage.
You swing at nothing.
A nearby plant withers and dies.
You swing at nothing.
You block something's attack.
You miss something. Something hits you but does no damage.
You swing at nothing.
You swing at nothing.
Something hits you but does no damage.
You miss something. Something hits you but does no damage.
You swing at nothing.
Something hits you.
You completely miss something. Something hits you!
You closely miss something. Something hits you.
You swing at nothing.
Something hits you but does no damage.
You closely miss something. Something hits you but does no damage.
Something hits you.
You die...

####### ...#. ...
###.....# ...#.
...###.......#######<.#.
.....#.#.....#....##..#.
.............'....+...##
.....###....#....##..##
#...~...#[#.....#..##
#..#...#..####.#.#..).
#{@.##.#.........##
#.........#....#.#...#
#~..P>P..~#.....#....#
#..PPP.P..#....#.#.#.#
#.##...##.#.....#.....
#. #...# .#....#.#.#.# .
..~.. ..... ....^. .
.###. .... ... .


There were no monsters in sight!

Vanquished Creatures
  Pikel (D:6)
  An oklob plant (D:11)
  A gargoyle (D:11)
  3 unseen horrors
  An efreet (D:10)
  A troll (D:10)
  Grinder (D:3)
  A hornet (D:9)
  A vampire (D:10)
  6 yaks (D:9)
  A shadow (D:9)
  4 wyverns
  A steam dragon (D:8)
  A basilisk (D:11)
  Menkaure (D:5)
  An acid dragon (D:10)
  2 water moccasins (D:7)
  Duvessa (D:6)
  3 orc warriors
  A sky beast (D:6)
  An ice beast (D:5)
  2 black bears
  3 centaurs (D:7)
  An ogre (D:6)
  3 lemures (D:6)
  A phantom (D:7)
  5 kobold brigands
  2 bullfrogs
  Blork the orc (D:5)
  A gnoll sergeant (D:10)
  5 scorpions
  8 wights (D:6)
  Dowan (D:6)
  7 killer bees
  3 howler monkeys
  A jelly (D:7)
  4 hounds
  4 orc priests
  An iron imp (D:8)
  A sleepcap (D:4)
  3 iguanas
  7 orc wizards
  Robin (D:1)
  8 gnolls
  A river rat (D:6)
  2 adders
  3 white imps
  4 ufetubi
  3 worms
  3 dart slugs
  43 orcs
  7 ball pythons
  8 endoplasms
  7 giant cockroaches
  15 goblins
  11 hobgoblins
  4 jackals (D:2)
  30 kobolds
  2 quokkas
  6 bats
  2 frilled lizards
  13 rats
271 creatures vanquished.

Notes
Turn   | Place    | Note
-------+----------+-------------------------------------------
     0 | D:1      | qw the Gargoyle Fighter began the quest for the Orb.
     0 | D:1      | Reached XP level 1. HP: 14/14 MP: 1/1
     0 | D:1      | 0 ||| qw: Version: 0.2-a-102-gaee6249
     0 | D:1      | 0 ||| qw: Game counter: 370
     0 | D:1      | 0 ||| qw: Always use a shield: true
     0 | D:1      | 0 ||| qw: God list: Okawaru
     0 | D:1      | 0 ||| qw: Allow faded altars: false
     0 | D:1      | 0 ||| qw: Do Orc after D:15 true
     0 | D:1      | 0 ||| qw: Do second Lair branch before Depths: true
     0 | D:1      | 0 ||| qw: Lair rune preference: random
     0 | D:1      | 0 ||| qw: Plans: Normal, Zot:1-4, Slime:5, God:TSO, Crypt,
                  | Tomb, Pan, Hells, Abyss, Win
     0 | D:1      | 0 ||| PLANNING D:1-11
    42 | D:1      | 42 ||| Stepping ~*~*~tactically~*~*~ (stealth).
    54 | D:1      | Reached skill level 2 in Axes
   105 | D:1      | Reached XP level 2. HP: 19/19 MP: 2/2
   245 | D:1      | 245 ||| Stepping ~*~*~tactically~*~*~ (hiding).
   415 | D:1      | Reached skill level 3 in Axes
   503 | D:1      | 503 ||| DROPPING +0 club.
   520 | D:1      | Reached XP level 3. HP: 23/23 MP: 3/3
   728 | D:1      | 728 ||| UPGRADING to +0 chain mail.
   738 | D:1      | 738 ||| DROPPING +0 scale mail.
   739 | D:1      | 739 ||| READING scroll labelled ZASIWKEIRI.
   740 | D:1      | 740 ||| READING 2 scrolls labelled YNLI UPLUZI.
   743 | D:1      | 743 ||| READING 3 scrolls labelled QUECOZ TUWNAT.
   744 | D:1      | 744 ||| READING scroll labelled JOOBYACITA.
   745 | D:1      | 745 ||| READING scroll labelled KIOV GUF HEMOY.
   746 | D:1      | 746 ||| READING scroll labelled WEOTUSM FUCWAO.
   747 | D:1      | 747 ||| READING scroll labelled VOTYDD MUMU.
   748 | D:1      | 748 ||| READING scroll labelled TASHO WEVODUIWN.
   749 | D:1      | 749 ||| READING 2 scrolls of identify.
   749 | D:1      | 749 ||| IDENTIFYING yellow potion
   764 | D:2      | Noticed Robin
   765 | D:2      | 765 ||| Stepping ~*~*~tactically~*~*~ (hiding).
   790 | D:2      | 790 ||| STAIRDANCE
   795 | D:1      | Killed Robin
   796 | D:1      | Reached XP level 4. HP: 20/28 MP: 4/4
   828 | D:1      | 828 ||| UPGRADING to +0 helmet.
   853 | D:2      | 853 ||| READING scroll of enchant armour.
   853 | D:2      | 853 ||| ENCHANTING +0 helmet.
   873 | D:2      | Found Leirhehi's Distillery.
   932 | D:2      | 932 ||| BUYING potion of attraction (30 gold).
   932 | D:2      | Bought a potion of attraction for 30 gold pieces
   932 | D:2      | 932 ||| BUYING potion of curing (30 gold).
   932 | D:2      | Bought a potion of curing for 30 gold pieces
   932 | D:2      | 932 ||| SHOPLISTING potion of haste (100 gold, have 22).
   932 | D:2      | 932 ||| SHOPLISTING potion of heal wounds (50 gold, have
                  | 22).
   932 | D:2      | 932 ||| SHOPLISTING potion of lignification (30 gold, have
                  | 22).
   989 | D:2      | Reached skill level 4 in Axes
  1038 | D:2      | Found a faded altar of an unknown god.
  1123 | D:2      | 1123 ||| Stepping ~*~*~tactically~*~*~ (stealth).
  1124 | D:2      | 1124 ||| Stepping ~*~*~tactically~*~*~ (stealth).
  1251 | D:2      | 1251 ||| Stepping ~*~*~tactically~*~*~ (stealth).
  1259 | D:2      | 1259 ||| Stepping ~*~*~tactically~*~*~ (stealth).
  1262 | D:2      | 1262 ||| Stepping ~*~*~tactically~*~*~ (stealth).
  1264 | D:2      | 1264 ||| Stepping ~*~*~tactically~*~*~ (hiding).
  1427 | D:2      | 1427 ||| Stepping ~*~*~tactically~*~*~ (stealth).
  1428 | D:2      | 1428 ||| Stepping ~*~*~tactically~*~*~ (stealth).
  1653 | D:2      | 1653 ||| UPGRADING to amulet of the acrobat.
  1658 | D:2      | 1658 ||| READING scroll labelled YPUMELIMAA.
  1714 | D:3      | 1714 ||| Stepping ~*~*~tactically~*~*~ (hiding).
  1720 | D:3      | Reached XP level 5. HP: 23/32 MP: 5/5
  1775 | D:3      | 1775 ||| DROPPING +4 mace.
  1776 | D:3      | 1776 ||| DROPPING +0 mace.
  1861 | D:3      | Reached skill level 5 in Axes
  1904 | D:3      | Identified the ring "Riteig" {rF+ rC- rCorr Str+4 Int+2}
  1983 | D:3      | Found a runed translucent door.
  1984 | D:3      | Noticed Crazy Yiuf
  2220 | D:3      | Noticed Grinder
  2232 | D:3      | HP: 7/33 [Grinder/nerve-wracking pain (6)]
  2233 | D:3      | 2233 ||| READING 2 scrolls of teleportation.
  2234 | D:3      | 2234 ||| DRINKING potion of heal wounds.
  2406 | D:3      | Paralysed by Grinder for 2 turns
  2414 | D:3      | 2414 ||| Stepping ~*~*~tactically~*~*~ (hiding).
  2414 | D:3      | Found a white marble altar of Elyvilon.
  2415 | D:3      | 2415 ||| Stepping ~*~*~tactically~*~*~ (hiding).
  2416 | D:3      | 2416 ||| Stepping ~*~*~tactically~*~*~ (hiding).
  2421 | D:3      | 2421 ||| Stepping ~*~*~tactically~*~*~ (hiding).
  2422 | D:3      | 2422 ||| Stepping ~*~*~tactically~*~*~ (hiding).
  2432 | D:3      | Paralysed by Grinder for 3 turns
  2438 | D:3      | Killed Grinder
  2439 | D:3      | Reached XP level 6. HP: 40/41 MP: 6/6
  2586 | D:3      | 2586 ||| UPGRADING to ring "Riteig" {rF+ rC- rCorr Str+4
                  | Int+2}.
  2587 | D:3      | 2587 ||| DROPPING ring of flight.
  2588 | D:3      | 2588 ||| READING scroll labelled JIS IBBOFO.
  2589 | D:3      | 2589 ||| READING 2 scrolls of identify.
  2589 | D:3      | 2589 ||| IDENTIFYING fuming brown potion
  2590 | D:3      | 2590 ||| DROPPING potion of invisibility.
  2636 | D:4      | 2636 ||| Stepping ~*~*~tactically~*~*~ (stealth).
  2655 | D:4      | Reached XP level 7. HP: 32/45 MP: 7/7
  2929 | D:4      | 2929 ||| Stepping ~*~*~tactically~*~*~ (stealth).
  2985 | D:4      | 2985 ||| READING scroll of enchant weapon.
  2985 | D:4      | 2985 ||| ENCHANTING +1 war axe.
  3045 | D:4      | Found Zin's Purification Station.
  3048 | D:4      | Found a glowing silver altar of Zin.
  3051 | D:4      | 3051 ||| BUYING potion of curing (90 gold).
  3051 | D:4      | Bought a potion of curing for 90 gold pieces
  3116 | D:4      | Reached skill level 6 in Axes
  3182 | D:4      | 3182 ||| Stepping ~*~*~tactically~*~*~ (stealth).
  3183 | D:4      | 3183 ||| Stepping ~*~*~tactically~*~*~ (stealth).
  3188 | D:4      | 3188 ||| Stepping ~*~*~tactically~*~*~ (stealth).
  3192 | D:4      | 3192 ||| Stepping ~*~*~tactically~*~*~ (hiding).
  3421 | D:4      | 3421 ||| READING scroll labelled JEKLITI CUMO.
  3422 | D:4      | 3422 ||| DRINKING 2 murky red potions.
  3423 | D:4      | 3423 ||| DROPPING potion of flight.
  3429 | D:5      | Entered Level 5 of the Dungeon
  3435 | D:5      | 3435 ||| STAIRDANCE
  3440 | D:4      | Reached skill level 1 in Dodging
  3647 | D:5      | 3647 ||| Stepping ~*~*~tactically~*~*~ (hiding).
  3760 | D:5      | Noticed Blork the orc
  3761 | D:5      | 3761 ||| Stepping ~*~*~tactically~*~*~ (hiding).
  3766 | D:5      | Killed Blork the orc
  3767 | D:5      | Reached skill level 7 in Axes
  3767 | D:5      | Reached XP level 8. HP: 50/51 MP: 8/8
  3903 | D:5      | Reached skill level 1 in Throwing
  3924 | D:5      | Noticed Menkaure
  3925 | D:5      | 3925 ||| Stepping ~*~*~tactically~*~*~ (stealth).
  3931 | D:5      | Killed Menkaure
  3972 | D:5      | Found a shimmering blue altar of Sif Muna.
  3974 | D:5      | Found a glowing golden altar of the Shining One.
  3984 | D:5      | Found a transporter.
  3993 | D:5      | Noticed qw's ghost (novice GrFi)
  3995 | D:5      | Found a transporter.
  3999 | D:5      | Found a shadowy altar of Dithmenos.
  3999 | D:5      | Noticed a yak
  4029 | D:5      | Reached skill level 8 in Axes
  4158 | D:5      | Found a burning altar of Makhleb.
  4209 | D:5      | Found a staircase to the Ecumenical Temple.
  4210 | D:5      | 4210 ||| PLANNING TEMPLE
  4210 | D:5      | 4210 ||| DROPPING +2 hat.
  4211 | D:5      | 4211 ||| READING scroll labelled PUOQOESAPH.
  4222 | Temple   | Entered the Ecumenical Temple
  4222 | Temple   | Found a transporter.
  4222 | Temple   | Found a transporter.
  4224 | Temple   | Found a transporter.
  4224 | Temple   | Found a transporter.
  4234 | Temple   | 4234 ||| PLANNING D:1-11
  4239 | Temple   | 4239 ||| PLANNING OKAWARU WORSHIP
  4246 | Temple   | Became a worshipper of Warmaster Okawaru
  4246 | Temple   | 4246 ||| PLANNING D:1-11
  4376 | D:6      | 4376 ||| PLANNING SEWER
  4409 | D:6      | 4409 ||| READING scroll of enchant armour.
  4409 | D:6      | 4409 ||| ENCHANTING +1 helmet.
  4441 | D:6      | 4441 ||| Stepping ~*~*~tactically~*~*~ (stealth).
  4443 | D:6      | 4443 ||| Stepping ~*~*~tactically~*~*~ (stealth).
  4470 | D:6      | Reached skill level 6 in Fighting
  4488 | D:6      | Noticed Dowan
  4488 | D:6      | Noticed Duvessa
  4489 | D:6      | 4489 ||| Stepping ~*~*~tactically~*~*~ (hiding).
  4502 | D:6      | Killed Dowan
  4507 | D:6      | HP: 12/51 [Duvessa/+0 short sword (13)]
  4508 | D:6      | 4508 ||| READING 2 scrolls of teleportation.
  4508 | D:6      | HP: 1/51 [Duvessa/+0 short sword (12)]
  4509 | D:6      | 4509 ||| DRINKING 3 potions of heal wounds.
  4645 | D:6      | 4645 ||| Stepping ~*~*~tactically~*~*~ (stealth).
  4648 | D:6      | 4648 ||| Stepping ~*~*~tactically~*~*~ (stealth).
  4667 | D:6      | Found Gozag's Platinum Reserve.
  4683 | D:6      | Found an opulent altar of Gozag.
  4712 | D:6      | 4712 ||| SHOPLISTING +0 pair of gloves of Card Tricks
                  | {Contam Rampage Fly Slay-3} (450 gold, have 275).
  4712 | D:6      | 4712 ||| SHOPLISTING +7 mace "Usmoc" {freeze, rPois Dex+3}
                  | (5790 gold, have 275).
  4712 | D:6      | 4712 ||| SHOPLISTING ring of the Devil's Team {*Slow rC+
                  | rN+ Str+2 Int+6} (5280 gold, have 275).
  4799 | D:6      | HP: 10/51 [Duvessa/+0 short sword (6)]
  4800 | D:6      | 4800 ||| READING scroll of teleportation.
  4801 | D:6      | 4801 ||| DRINKING 3 potions of heal wounds.
  4804 | D:6      | 4804 ||| DRINKING 2 potions of heal wounds.
  4815 | D:6      | Killed Duvessa
  4815 | D:6      | Reached * piety under Okawaru
  4816 | D:6      | Reached XP level 9. HP: 28/55 MP: 9/9
  4816 | D:6      | 4816 ||| INVOKING Heroism.
  4823 | D:6      | Reached skill level 9 in Axes
  4825 | D:6      | HP: 13/55 [something (1)]
  4826 | D:6      | 4826 ||| DRINKING potion of heal wounds.
  4832 | D:6      | 4832 ||| INVOKING Heroism.
  4974 | D:6      | 4974 ||| RIP SEWER
  5031 | D:6      | 5031 ||| PLANNING D:1-11
  5068 | D:6      | 5068 ||| INVOKING Heroism.
  5096 | D:6      | Reached skill level 1 in Invocations
  5132 | D:6      | 5132 ||| Stepping ~*~*~tactically~*~*~ (stealth).
  5134 | D:6      | 5134 ||| Stepping ~*~*~tactically~*~*~ (stealth).
  5135 | D:6      | Noticed Pikel
  5136 | D:6      | 5136 ||| Stepping ~*~*~tactically~*~*~ (stealth).
  5165 | D:6      | 5165 ||| INVOKING Heroism.
  5233 | D:6      | 5233 ||| Stepping ~*~*~tactically~*~*~ (stealth).
  5242 | D:6      | Killed Pikel
  5266 | D:6      | Reached skill level 10 in Axes
  5298 | D:6      | Found an ornate altar of the Wu Jian Council.
  5513 | D:6      | 5513 ||| READING scroll labelled BOEXIW GARAN.
  5514 | D:6      | 5514 ||| DRINKING 3 silvery potions.
  5514 | D:6      | Gained mutation: You are strong-willed. (Will+) [potion of
                  | mutation]
  5514 | D:6      | Gained mutation: Your spells are a little easier to cast,
                  | but a little less powerful. [potion of mutation]
  5514 | D:6      | Lost mutation: Your spells are a little easier to cast, but
                  | a little less powerful. [potion of mutation]
  5514 | D:6      | Gained mutation: You are somewhat resistant to further
                  | mutation. [potion of mutation]
  5531 | D:7      | 5531 ||| INVOKING Heroism.
  5540 | D:7      | Reached skill level 3 in Invocations
  5570 | D:7      | Found a sacrificial altar of Ru.
  5571 | D:7      | 5571 ||| Stepping ~*~*~tactically~*~*~ (stealth).
  5577 | D:7      | 5577 ||| FLEEEEING.
  5578 | D:7      | 5578 ||| FLEEEEING.
  5625 | D:7      | Reached XP level 10. HP: 64/64 MP: 12/12
  5689 | D:7      | 5689 ||| INVOKING Heroism.
  5706 | D:7      | 5706 ||| Stepping ~*~*~tactically~*~*~ (stealth).
  5708 | D:7      | 5708 ||| Stepping ~*~*~tactically~*~*~ (hiding).
  5731 | D:7      | 5731 ||| Stepping ~*~*~tactically~*~*~ (stealth).
  5736 | D:7      | 5736 ||| Stepping ~*~*~tactically~*~*~ (stealth).
  5737 | D:7      | 5737 ||| Stepping ~*~*~tactically~*~*~ (stealth).
  5742 | D:7      | 5742 ||| Stepping ~*~*~tactically~*~*~ (stealth).
  5755 | D:7      | 5755 ||| Stepping ~*~*~tactically~*~*~ (stealth).
  5763 | D:7      | 5763 ||| INVOKING Heroism.
  6056 | D:7      | Found a bloodstained altar of Trog.
  6140 | D:7      | Found a flagged portal.
  6528 | D:7      | 6528 ||| DRINKING 2 pink potions.
  6559 | D:7      | 6559 ||| READING 3 scrolls of identify.
  6559 | D:7      | 6559 ||| IDENTIFYING dark potion
  6579 | D:8      | Found a broken altar of Ashenzari.
  6618 | D:8      | Found a snail-covered altar of Cheibriados.
  6708 | D:8      | Reached skill level 3 in Throwing
  6818 | D:8      | 6818 ||| INVOKING Heroism.
  6914 | D:8      | 6914 ||| Stepping ~*~*~tactically~*~*~ (hiding).
  6915 | D:8      | 6915 ||| Stepping ~*~*~tactically~*~*~ (hiding).
  6917 | D:8      | 6917 ||| Stepping ~*~*~tactically~*~*~ (hiding).
  6918 | D:8      | 6918 ||| Stepping ~*~*~tactically~*~*~ (hiding).
  6930 | D:8      | 6930 ||| Stepping ~*~*~tactically~*~*~ (stealth).
  6934 | D:8      | 6934 ||| Stepping ~*~*~tactically~*~*~ (hiding).
  6978 | D:8      | 6978 ||| DROPPING +3 ring mail of cold resistance.
  6991 | D:8      | Killed an unseen horror
  6991 | D:8      | Reached ** piety under Okawaru
  7181 | D:8      | Found a hazy altar of Hepliaklqana.
  7268 | D:8      | 7268 ||| SWAPPING to +1 vampiric hand axe.
  7435 | D:8      | 7435 ||| Stepping ~*~*~tactically~*~*~ (hiding).
  7438 | D:8      | 7438 ||| INVOKING Heroism.
  7463 | D:8      | 7463 ||| UPGRADING to +0 plate armour.
  7473 | D:8      | 7473 ||| DROPPING +0 chain mail.
  7486 | D:9      | 7486 ||| Stepping ~*~*~tactically~*~*~ (stealth).
  7487 | D:9      | 7487 ||| Stepping ~*~*~tactically~*~*~ (stealth).
  7489 | D:9      | 7489 ||| Stepping ~*~*~tactically~*~*~ (stealth).
  7491 | D:9      | 7491 ||| Stepping ~*~*~tactically~*~*~ (stealth).
  7492 | D:9      | 7492 ||| Stepping ~*~*~tactically~*~*~ (stealth).
  7495 | D:9      | 7495 ||| INVOKING Heroism.
  7503 | D:9      | Found a staircase to the Orcish Mines.
  7513 | D:9      | 7513 ||| INVOKING Heroism.
  7545 | D:9      | 7545 ||| Stepping ~*~*~tactically~*~*~ (stealth).
  7546 | D:9      | 7546 ||| Stepping ~*~*~tactically~*~*~ (stealth).
  7559 | D:9      | 7559 ||| Stepping ~*~*~tactically~*~*~ (hiding).
  7722 | D:9      | Found a radiant altar of Vehumet.
  7936 | D:9      | Found Yji Vuts's Armour Boutique.
  7939 | D:9      | 7939 ||| BUYING +0 cloak (63 gold).
  7939 | D:9      | Bought a +0 cloak for 63 gold pieces
  7939 | D:9      | 7939 ||| SHOPLISTING +2 shadow dragon scales (1288 gold,
                  | have 393).
  7970 | D:9      | Reached skill level 6 in Armour
  8009 | D:9      | Identified the +1 dagger of Lelotid {freeze, Int+2 Dex+2
                  | Stlth+}
  8031 | D:9      | 8031 ||| INVOKING Heroism.
  8144 | D:9      | 8144 ||| Stepping ~*~*~tactically~*~*~ (stealth).
  8145 | D:9      | 8145 ||| Stepping ~*~*~tactically~*~*~ (stealth).
  8164 | D:9      | Found Holokeog's General Store.
  8172 | D:9      | 8172 ||| BUYING potion of attraction (30 gold).
  8172 | D:9      | Bought a potion of attraction for 30 gold pieces
  8172 | D:9      | 8172 ||| BUYING ring of protection from fire (250 gold).
  8172 | D:9      | Bought a ring of protection from fire for 250 gold pieces
  8172 | D:9      | 8172 ||| SHOPLISTING ring of protection from fire (250
                  | gold, have 134).
  8466 | D:9      | 8466 ||| UPGRADING to +0 cloak.
  8471 | D:9      | 8471 ||| UPGRADING to ring of protection from fire.
  8524 | D:10     | Entered Level 10 of the Dungeon
  8537 | D:10     | 8537 ||| STAIRDANCE
  8539 | D:9      | 8539 ||| INVOKING Heroism.
  8616 | D:10     | 8616 ||| STAIRDANCE
  8636 | D:9      | Reached skill level 11 in Axes
  8636 | D:9      | Reached XP level 11. HP: 56/68 MP: 14/14
  8720 | D:10     | 8720 ||| INVOKING Heroism.
  8822 | D:10     | Identified the +9 flail of Tuzema {flame, rN++ rCorr}
  8824 | D:10     | 8824 ||| DROPPING +0 flail.
  8994 | D:10     | Reached skill level 9 in Fighting
  9038 | D:10     | 9038 ||| INVOKING Heroism.
  9086 | D:10     | 9086 ||| Stepping ~*~*~tactically~*~*~ (hiding).
  9130 | D:10     | Found a runed translucent door.
  9132 | D:10     | 9132 ||| Stepping ~*~*~tactically~*~*~ (hiding).
  9133 | D:10     | 9133 ||| Stepping ~*~*~tactically~*~*~ (hiding).
  9149 | D:10     | 9149 ||| INVOKING Heroism.
  9268 | D:10     | Noticed a necromancer
  9268 | D:10     | Noticed a green ugly thing
  9382 | D:10     | Found a blossoming altar of Fedhas.
  9797 | D:10     | 9797 ||| UPGRADING to amulet of regeneration.
  9807 | D:10     | 9807 ||| DROPPING amulet of the acrobat.
  9808 | D:10     | 9808 ||| UPGRADING to amulet of reflection.
  9814 | D:10     | Identified the +1 spear of the Howling One {freeze, Fly
                  | Int+2}
  9814 | D:10     | Noticed a wizard
  9818 | D:10     | 9818 ||| DROPPING amulet of regeneration.
  9819 | D:10     | 9819 ||| DRINKING 2 purple potions.
  9820 | D:10     | 9820 ||| READING 2 scrolls of identify.
  9820 | D:10     | 9820 ||| IDENTIFYING sapphire potion
  9821 | D:10     | 9821 ||| DROPPING potion of degeneration.
  9822 | D:10     | 9822 ||| DROPPING potion of brilliance.
  9865 | D:11     | 9865 ||| Stepping ~*~*~tactically~*~*~ (hiding).
  9929 | D:11     | 9929 ||| Stepping ~*~*~tactically~*~*~ (hiding).
  9930 | D:11     | 9930 ||| Stepping ~*~*~tactically~*~*~ (hiding).
 10036 | D:11     | 10036 ||| INVOKING Heroism.
 10315 | D:11     | 10315 ||| Invisibility monster not found???
 10326 | D:11     | Noticed an oklob plant
 10327 | D:11     | 10327 ||| INVOKING Heroism.
 10332 | D:11     | Found a staircase to the Lair.
 10355 | D:11     | Killed an oklob plant
 10385 | D:11     | HP: 16/71 [something (7)]
 10391 | D:11     | HP: 15/71 [something (4)]
 10403 | D:11     | HP: 13/71 [something (6)]
 10404 | D:11     | HP: 5/71 [something (8)]
 10407 | D:11     | Slain by an unseen horror

Levels and vault maps discovered:
D:1:      dpeg_arrival_rooms_with_view, layout_loops_ring, solitary_fountain,
          item_on_display_b
D:2:      layout_loops_ring, ebering_ecumenical_altar_ruins, serial_shops,
          nicolae_shop_industrial_runoff, uniq_robin
D:3:      layout_basic, amcnicky_altar_gilded, serial_bayou_crossing,
          uniq_crazy_yiuf_cottage, uniq_grinder
D:4:      layout_loops_ring, zin_purify, minmay_fractal_squares_gapless_5
D:5:      layout_cave_pods, lemuel_crystal_altar, grunt_temple_overflow_open,
          bloody_makhleb, minmay_temple_entry_butterflies,
          gammafunk_ghost_arena, grunt_ministairs_9, uniq_menkaure,
          uniq_blork_the_orc
D:6:      layout_rooms, nicolae_wu_jian_glorious_leap,
          nicolae_gozag_zags_fifth_avenue, portal_sewer_entry_e, st_stairs_9,
          uniq_pikel, uniq_duvessa
D:7:      layout_loops_ring, trog_three_pillars_becter,
          mainiacjoe_overflow_concentric_impassable, enter_bailey_8,
          minmay_liquid_box
D:8:      layout_gridville, slow_altar_1, nicolae_hepliaklqana_hippocampus,
          ashenzari_altar_1
D:9:      layout_cave_pods, nicolae_overflow_crystal_walls, david_orc_2,
          serial_shops, nicolae_shop_behind_doors, nicolae_shop_rolling_square,
          amcnicky_mini_pool_small
D:10:     layout_cave_pods, fedhas_altar_3, minivault_13
D:11:     layout_gridville, dpeg_oklobed_lair, hangedman_decor_riveting,
          hangedman_glass_teeth
Temple:   hellmonk_temple_divided_pantheon

Skill      XL: |  1  2  3  4  5  6  7  8  9 10 11 |
---------------+----------------------------------+-----
Axes           | 2 3 4 5 7 8 10 11 | 11.5
Fighting       | 5 6 7 8 9 |  9.0
Dodging        | 1 2 |  2.2
Throwing       | 2 3 |  3.3
Shields        | 4 5 |  5.0
Armour         | 4 7 8 |  8.1
Invocations    | 3 4 |  4.1

Action                     |  1- 3 |  4- 6 |  7- 9 | 10-12 || total
---------------------------+-------+-------+-------+-------++-------
  Melee: War axe           |   118 |   141 |   235 |   107 ||   601
         Hand axe          |       |       |       |   382 ||   382
  Throw: Boomerang         |       |       |    37 |    19 ||    56
         Javelin           |       |       |    20 |    26 ||    46
 Invoke: Heroism           |       |       |     5 |    13 ||    18
    Use: Scroll            |     9 |     5 |     7 |     2 ||    23
         Potion            |       |     1 |     6 |     2 ||     9
 Armour: Scale mail        |    42 |       |       |       ||    42
         Chain mail        |    24 |    67 |   131 |    55 ||   277
         Plate armour      |       |       |       |   333 ||   333
  Dodge: Dodged            |    47 |    40 |    99 |   140 ||   326
  Block: Buckler           |    22 |    20 |    56 |   118 ||   216
         Reflection        |       |       |       |     2 ||     2

Table legend:
 A = Non-vault XP
 B = Vault XP
 C = Vault XP percentage of total XP
 D = Non-vault monster count
 E = Vault monster count
 F = Vault count percentage of total count
                 A         B        C        D         E       F
            +---------+---------+-------+---------+---------+-------
      Total |   10229 |    2926 |  22.2 |     220 |      48 |  17.9
            +---------+---------+-------+---------+---------+-------
        D:1 |      40 |      19 |  32.2 |      24 |       3 |  11.1
        D:2 |      52 |      20 |  27.8 |      25 |      10 |  28.6
        D:3 |     148 |     281 |  65.5 |      20 |       1 |   4.8
        D:4 |     283 |      50 |  15.0 |      16 |       5 |  23.8
        D:5 |     638 |     272 |  29.9 |      17 |       5 |  22.7
        D:6 |    1237 |    1106 |  47.2 |      21 |      13 |  38.2
        D:7 |    1536 |       0 |   0.0 |      23 |       0 |   0.0
        D:8 |    1256 |      40 |   3.1 |      22 |       1 |   4.3
        D:9 |    2416 |     157 |   6.1 |      25 |       8 |  24.2
       D:10 |    1146 |     356 |  23.7 |      18 |       1 |   5.3
       D:11 |    1477 |     625 |  29.7 |       9 |       1 |  10.0
            +---------+---------+-------+---------+---------+-------
